Map: Lightshade LE

Players

DnS - Winner!

  • Race: Protoss Protoss
  • Spawn Location: 11:00

MarineLorD

  • Race: Terran Terran
  • League: Master
  • Spawn Location: 5:00

Event: DreamHack SC2 Masters 2020 Winter

VOD

Have the link to the VOD?

Description

Time

  • Played on: Oct. 25, 2020, 3:46 p.m.
  • Length: 18:59

All games in this series

Show
View Real Time Build Order
Export as new Build Order

DnS Protoss - Winner!

Build Orders: 1 Gate Expand, Dark Templar Rush 

Get SALT Encoding   

  12  0:00  Probe  
  13  0:12  Probe  
  14  0:20  Pylon  
  14  0:24  Probe  
  15  0:39  Probe (Chrono Boost), Gateway  
  16  0:46  Probe (Chrono Boost)  
  16  0:47  Assimilator  
  17  0:53  Probe  
  18  1:05  Probe  
  19  1:17  Probe  
  20  1:26  Cybernetics Core  
  20  1:32  Nexus  
  20  1:36  Probe  
  21  1:42  Pylon  
  21  1:48  Probe  
  21  1:49  Assimilator  
  22  1:59  Adept (Chrono Boost)  
  22  2:03  Shield Battery  
  22  2:06  Probe  
  25  2:09  Warp Gate  
  25  2:18  Probe  
  25  2:19  Adept (Chrono Boost)  
  28  2:30  Probe  
  28  2:36  Twilight Council  
  29  2:42  Probe  
  30  2:51  Stalker  
  30  2:52  Probe (Chrono Boost)  
  33  3:03  Probe (Chrono Boost)  
  33  3:04  Robotics Facility  
  33  3:05  Probe (Chrono Boost)  
  37  3:13  Probe (Chrono Boost)  
  37  3:14  Probe (Chrono Boost)  
  37  3:21  Probe (Chrono Boost)  
  37  3:22  Probe (Chrono Boost), Dark Shrine  
  37  3:26  Probe  
  39  3:32  Gateway  
  40  3:38  Probe  
  40  3:40  Shield Battery  
  39  3:46  Gateway  
  39  3:51  Probe  
  40  3:57  Shield Battery  
  40  3:59  Stalker  
  40  4:07  Pylon  
  40  4:08  Warp Prism (Chrono Boost)  
  38  4:11  Probe x2  
  38  4:13  Assimilator  
  42  4:19  Pylon, Assimilator  
  42  4:23  Probe  
  42  4:24  Probe  
  44  4:25  Stalker  
  46  4:36  Pylon  
  46  4:37  Probe x2  
  48  4:49  Probe x2  
  48  4:51  Pylon, Observer  
  51  4:56  Dark Templar x3  
  57  5:01  Probe  
  57  5:02  Probe  
  59  5:15  Nexus  
  59  5:20  Probe, Robotics Bay  
  60  5:27  Charge (Chrono Boost)  
  54  5:36  Stalker  
  54  5:37  Stalker  
  54  5:40  Sentry  
  54  5:41  Probe, Observer  
  60  5:44  Probe  
  60  5:46  Pylon  
  61  5:53  Probe  
  61  5:56  Probe  
  62  6:05  Probe  
  62  6:06  Colossus (Chrono Boost)  
  62  6:09  Probe  
  70  6:12  Stalker x2  
  70  6:14  Shield Battery  
  70  6:17  Shield Battery  
  70  6:18  Stalker  
  75  6:21  Shield Battery  
  75  6:27  Gateway  
  75  6:28  Gateway  
  75  6:38  Stalker x2  
  75  6:43  Probe x2  
  74  6:49  Stalker  
  74  6:53  Colossus (Chrono Boost)  
  66  6:56  Probe x2  
  66  6:57  Probe  
  75  7:02  Shield Battery  
  75  7:03  Sentry, Zealot  
  75  7:08  Probe x2  
  81  7:12  Extended Thermal Lance, Forge  
  80  7:16  Probe  
  80  7:19  Gateway  
  80  7:20  Probe  
  82  7:24  Probe, Blink  
  82  7:29  Sentry, Zealot x3  
  91  7:39  Zealot  
  91  7:43  Protoss Ground Armor Level 1 (Chrono Boost)  
  93  7:44  Pylon  
  93  7:46  Pylon  
  93  7:47  Gateway  
  93  7:50  Gateway  
  93  8:00  Pylon  
  93  8:02  Pylon  
  93  8:07  Zealot x5  
  93  8:08  Colossus (Chrono Boost)  
  102  8:25  Probe x2  
  100  8:30  Stalker x3  
  100  8:31  Stalker x2  
  100  8:32  Probe  
  100  8:34  Assimilator  
  107  8:42  Zealot x2  
  107  8:47  Zealot  
  105  8:51  Probe  
  105  8:53  Zealot x2  
  105  8:54  Zealot x3  
  110  8:56  Probe x2  
  110  9:00  Warp Prism (Chrono Boost)  
  106  9:11  Zealot x3  
  106  9:15  Templar Archives  
  108  9:17  Assimilator  
  108  9:22  Dark Templar  
  108  9:23  Dark Templar  
  112  9:24  Sentry  
  112  9:28  Archon  
  114  9:35  Stalker x2  
  114  9:36  Stalker x2  
  114  9:37  Protoss Ground Weapons Level 1 (Chrono Boost)  
  122  9:48  Probe  
  123  9:53  Zealot  
  123  9:57  Pylon x2  
  123  9:58  Pylon  
  125  10:08  Robotics Bay  
  125  10:10  Nexus, Robotics Facility  
  125  10:11  Pylon  
  125  10:19  Zealot x2  
  125  10:20  Zealot  
  131  10:27  Dark Templar x2  
  131  10:28  Immortal (Chrono Boost)  
  135  10:31  Pylon, Archon  
  135  10:33  Stalker x2  
  143  10:37  Stalker  
  145  10:45  Zealot, Dark Templar  
  148  10:50  Pylon  
  148  10:51  Pylon  
  148  10:52  Pylon  
  140  10:59  Disruptor (Chrono Boost)  
  137  11:05  Dark Templar  
  137  11:09  Zealot x4  
  137  11:10  Zealot x2  
  151  11:13  Protoss Ground Weapons Level 2 (Chrono Boost)  
  151  11:29  Nexus  
  151  11:31  Probe x3, Pylon  
  157  11:39  Disruptor (Chrono Boost)  
  157  11:40  Disruptor (Chrono Boost)  
  160  11:47  Photon Cannon  
  160  11:50  Stalker x2  
  160  11:56  Zealot  
  160  11:57  Zealot x2  
  158  12:08  Disruptor  
  153  12:09  Zealot x3, Disruptor  
  153  12:14  Zealot x2  
  166  12:17  Zealot  
  154  12:30  Probe x3  
  149  12:43  Dark Templar, Disruptor  
  146  12:46  Dark Templar x4  
  146  12:50  Forge  
  146  12:51  Probe  
  155  12:52  Archon x2  
  155  12:55  Stalker x3  
  161  13:05  Disruptor  
  164  13:17  Stalker  
  164  13:18  Stalker x3  
  164  13:19  Disruptor  
  175  13:25  Protoss Ground Weapons Level 3 (Chrono Boost)  
  175  13:27  Protoss Ground Armor Level 2 (Chrono Boost)  
  175  13:41  Zealot x5  
  181  13:47  Nexus  
  183  13:53  Stalker x2  
  183  13:56  Probe  
  183  13:57  Probe  
  183  13:58  Gateway  
  183  13:59  Gateway  
  183  14:01  Stalker  
  187  14:07  Pylon  
  185  14:13  Probe  
  157  14:18  Zealot x4  
  135  14:31  Stalker x4  
  125  14:40  Zealot x4  
  125  14:45  Colossus (Chrono Boost)  
  133  14:52  Colossus (Chrono Boost)  
  139  14:56  Sentry x3  
  139  14:59  High Templar x2  
  155  15:03  Archon, Dark Templar  
  157  15:13  Probe x4  
  161  15:17  Assimilator  
  161  15:18  Assimilator  
  161  15:25  Stalker x2  
  161  15:26  Stalker x2, Zealot  
  167  15:32  Dark Templar  
  167  15:33  Zealot x2  
  173  15:39  Zealot x2  
  174  15:51  Dark Templar  
  174  15:52  Zealot x4  
  184  15:58  Stalker  
  184  15:59  Stalker  
  184  16:00  Stalker  
  179  16:14  Pylon  
  179  16:17  Pylon  
  179  16:18  Zealot x3  
  171  16:19  Pylon  
  171  16:20  Pylon  
  171  16:22  Pylon  
  171  16:23  Pylon  
  163  16:33  Colossus x2 (Chrono Boost)  
  163  16:34  Pylon  
  175  16:46  Probe  
  176  16:52  Probe x4  
  180  17:01  Dark Templar  
  181  17:03  Pylon  
  181  17:07  Stalker x3  
  181  17:08  Stalker x2  
  191  17:12  Zealot x2  
  171  17:33  Zealot x6  
  165  17:41  Zealot  
  160  17:57  Stalker x6  
  172  18:09  Zealot  
  172  18:11  Pylon  
  174  18:25  Dark Templar x2  
  174  18:26  Stalker x3, Dark Templar  
  182  18:30  Zealot x2  
  184  18:35  Zealot  
  156  18:54  Stalker x6  
Show
View Real Time Build Order
Export as new Build Order

MarineLorD Terran 

Build Orders: Gas First Reaper Expand 

Get SALT Encoding   

  12  0:00  SCV  
  13  0:12  SCV  
  14  0:17  Supply Depot  
  14  0:24  SCV  
  14  0:27  Refinery  
  15  0:38  SCV  
  16  0:44  Barracks  
  16  0:50  SCV  
  17  1:02  SCV  
  18  1:14  SCV  
  19  1:31  Reaper, Orbital Command  
  20  1:43  Command Center  
  20  1:55  Factory  
  20  1:58  SCV  
  21  2:05  Barracks Reactor  
  21  2:10  SCV  
  21  2:13  Supply Depot  
  22  2:23  SCV  
  23  2:35  SCV  
  24  2:47  SCV  
  24  2:50  Hellion x2  
  29  2:55  Orbital Command  
  28  3:01  SCV  
  29  3:08  Barracks  
  29  3:11  Hellion x2  
  29  3:12  Barracks Tech Lab  
  32  3:13  SCV  
  33  3:22  SCV  
  33  3:25  SCV  
  35  3:34  SCV  
  36  3:37  SCV  
  36  3:41  Stimpack, Marine  
  38  3:46  SCV, Supply Depot  
  39  3:49  SCV  
  39  3:50  Widow Mine  
  42  3:55  Barracks  
  42  3:58  SCV  
  42  4:00  Marine  
  42  4:01  SCV  
  44  4:10  SCV  
  44  4:13  SCV  
  44  4:14  Factory Tech Lab  
  44  4:15  Refinery  
  44  4:17  Supply Depot  
  46  4:19  Refinery  
  46  4:22  SCV  
  46  4:23  Marauder, Marine x2  
  51  4:25  SCV, Supply Depot  
  52  4:34  SCV  
  52  4:36  Supply Depot  
  52  4:38  SCV, Siege Tank  
  57  4:41  Engineering Bay  
  57  4:44  Marine x2  
  59  4:46  Barracks Tech Lab  
  59  4:48  Marine  
  59  4:49  SCV  
  59  4:50  SCV  
  62  4:57  Supply Depot  
  62  5:02  SCV x2  
  62  5:03  Bunker  
  62  5:06  Combat Shield, Marauder  
  66  5:10  Terran Infantry Weapons Level 1  
  66  5:15  Missile Turret  
  66  5:18  Marine x2  
  65  5:28  Marine x2  
  64  5:30  SCV  
  62  5:37  SCV  
  62  5:39  Marine  
  62  5:42  SCV  
  65  5:48  Starport  
  65  5:55  SCV, Missile Turret  
  65  5:57  SCV  
  67  5:58  Marine  
  67  6:00  Marine  
  67  6:02  Marine  
  70  6:04  Marine  
  70  6:05  Concussive Shells  
  70  6:07  SCV  
  70  6:09  SCV  
  73  6:19  SCV, Refinery  
  73  6:20  Siege Tank  
  73  6:21  SCV  
  80  6:30  Supply Depot  
  80  6:31  SCV  
  79  6:36  Barracks Reactor  
  78  6:43  Marine x2  
  78  6:44  SCV x2  
  68  6:56  SCV  
  68  6:58  Medivac x2  
  68  6:59  Supply Depot  
  68  7:01  Marine x2  
  69  7:05  Command Center  
  71  7:09  Terran Infantry Armor Level 1  
  71  7:16  Marine x2  
  71  7:17  Supply Depot  
  71  7:19  Marauder x2  
  77  7:24  Siege Tank  
  77  7:26  Supply Depot  
  80  7:34  Barracks  
  80  7:35  Barracks  
  80  7:36  Supply Depot  
  80  7:39  SCV  
  80  7:41  SCV  
  80  7:42  Marauder, Marine  
  80  7:43  Marine  
  86  7:46  Marauder  
  86  7:49  Medivac  
  90  7:51  Medivac  
  90  7:54  SCV  
  90  7:56  SCV  
  94  8:00  Marine  
  95  8:06  SCV  
  95  8:09  SCV  
  97  8:13  Marine x2  
  97  8:14  Marauder  
  97  8:17  SCV  
  97  8:18  SCV  
  102  8:21  SCV  
  102  8:25  Marine  
  99  8:29  SCV  
  99  8:31  Barracks Tech Lab  
  99  8:32  Barracks Reactor, Marauder  
  100  8:34  SCV x2  
  100  8:36  Siege Tank  
  105  8:42  Marine  
  105  8:48  Medivac x2, Marauder, Marine  
  105  8:50  Marauder  
  105  8:53  SCV, Marine  
  108  9:00  Marine  
  101  9:06  Marine  
  101  9:09  Marine  
  101  9:10  Marauder  
  101  9:11  Marauder  
  101  9:12  Marauder  
  101  9:15  SCV x2  
  106  9:17  Viking  
  106  9:18  Marine  
  106  9:23  Marine  
  110  9:30  Siege Tank  
  110  9:31  Viking, Marauder, Missile Turret  
  115  9:32  Marine  
  115  9:33  SCV  
  115  9:37  Marauder  
  121  9:39  Marine  
  121  9:40  Marine  
  121  9:41  Marine  
  124  9:46  Orbital Command  
  124  9:50  Marauder  
  124  9:52  Refinery x2  
  126  9:54  Viking  
  128  10:00  Marine x6  
  128  10:01  Viking  
  128  10:04  Siege Tank  
  139  10:08  Supply Depot  
  139  10:09  Supply Depot  
  139  10:11  Marine  
  140  10:16  Supply Depot  
  140  10:17  Marine  
  141  10:24  Supply Depot  
  141  10:25  Supply Depot  
  141  10:27  Armory, Engineering Bay  
  141  10:30  Marauder, Marine x2, Ghost Academy  
  141  10:34  Marauder x2, Marine  
  150  10:35  Marine  
  150  10:36  Siege Tank  
  154  10:47  Marine x2  
  154  10:49  SCV x2  
  156  10:51  Marauder  
  156  10:52  Marine  
  156  10:55  SCV  
  156  10:56  Marauder x2  
  151  11:10  Marine x2  
  151  11:11  Marine x2  
  155  11:13  Marauder  
  155  11:16  Ghost x2, Terran Infantry Weapons Level 2  
  161  11:19  Terran Infantry Armor Level 2  
  161  11:23  Terran Ship Weapons Level 1  
  161  11:27  Viking  
  161  11:31  Viking  
  165  11:35  Marine  
  165  11:36  Marauder, Marine  
  165  11:38  Marine  
  170  11:40  Marine  
  171  11:49  Marine  
  171  11:50  Marauder  
  171  11:53  Marine  
  175  11:54  Marine  
  175  11:56  Marine  
  175  11:57  Marauder  
  175  12:00  Marine  
  177  12:07  Marine  
  156  12:10  Marine, Siege Tank  
  156  12:11  Marine  
  156  12:13  Liberator  
  156  12:14  Liberator  
  163  12:18  Marauder  
  154  12:23  Marine x2  
  154  12:25  Marauder  
  145  12:36  Marauder  
  143  12:40  Marauder, Marine x2  
  143  12:41  Marine  
  139  12:46  Command Center, Marine x2  
  138  12:56  Viking  
  138  12:57  Viking  
  138  12:58  Marauder, Marine x2  
  146  13:02  Marauder, Marine  
  149  13:11  Marine, Sensor Tower  
  149  13:12  Marauder  
  152  13:16  Marine x2  
  152  13:19  Marauder  
  156  13:20  Marine  
  156  13:23  Marine  
  158  13:29  Marine  
  158  13:33  Marauder  
  157  13:35  Marine x2  
  157  13:40  Marauder, Marine  
  161  13:41  Marauder  
  161  13:47  Marine  
  161  13:53  Marine x2  
  161  13:54  Marauder  
  165  13:57  Marine  
  165  13:58  Terran Infantry Weapons Level 3  
  165  14:02  Marauder, Marine  
  168  14:05  Marine  
  137  14:27  Marauder  
  137  14:28  Marine  
  137  14:29  Marauder, Marine x4  
  141  14:32  Medivac  
  141  14:33  Medivac  
  131  14:46  Planetary Fortress, Marine x2  
  131  14:47  Marauder, Marine x2  
  131  14:48  Marauder  
  131  14:50  Marauder  
  141  14:59  Missile Turret  
  141  15:02  Medivac  
  141  15:04  Marine x4  
  141  15:05  Medivac  
  149  15:08  Marine  
  150  15:20  Marine  
  150  15:21  Marauder  
  153  15:22  Marine x3  
  153  15:26  Marauder, Marine  
  159  15:39  Marauder  
  159  15:40  Marine x3  
  159  15:42  Marauder  
  165  15:44  Marine  
  165  15:48  Marauder  
  168  15:58  Marine x3  
  168  16:00  Marauder  
  168  16:01  Marine  
  168  16:03  Marauder  
  175  16:09  Marauder  
  169  16:15  Marine x2  
  169  16:16  Marine  
  159  16:21  Marauder  
  159  16:24  Marine  
  159  16:25  Marauder  
  163  16:26  Medivac x2  
  163  16:31  Marauder  
  158  16:33  Marine x3  
  161  16:42  Marine  
  161  16:43  Marauder  
  161  16:46  Marauder  
  166  16:51  Command Center, Marine  
  166  16:52  Marauder  
  169  16:56  Marine  
  169  16:58  Marine  
  170  17:02  Marine  
  170  17:04  Marauder  
  173  17:12  Marauder, Marine  
  173  17:13  Marine  
  173  17:14  Factory Reactor, Marine  
  178  17:16  Marine  
  167  17:26  Marauder  
  167  17:33  Marauder  
  154  17:39  Marauder, Marine x3  
  156  17:45  Medivac x2  
  156  17:47  Marine  
  156  17:48  Marauder, Starport  
  156  17:50  Starport  
  163  17:54  Marine  
  163  17:57  Marine  
  165  17:59  Marine x2  
  165  18:01  Marauder  
  165  18:05  Marine  
  164  18:09  Marauder  
  163  18:15  Medivac x2, Ghost  
  168  18:21  Ghost  
  154  18:27  Marine x2  
  154  18:30  Marauder, Marine x2  
Tags
 
Add a new tag
Caveats
  • Supply blocks, unpowered buildings, or Contaminate may cause inaccurate times.
  • Supply counts are checked every 10 seconds.